 Dungeon Crawl Stone Soup version 0.29-a0-187-ga23d9638d5 (webtiles) character file.

Game seed: 1162799784147924036

109 freelancePsychic the Vandal (level 4, -8/37 HPs)
             Began as a Demonspawn Hunter on Feb 21, 2022.
             Was an Initiate of Ashenzari.
             Mangled by an orc wizard (10 damage)
             ... on level 3 of the Dungeon.
             The game lasted 00:05:40 (1892 turns).

freelancePsychic the Vandal (Demonspawn Hunter)     Turns: 1892, Time: 00:05:40

Health: -8/37      AC:  4    Str: 12    XL:     4   Next: 59%
Magic:  4/4        EV: 12    Int: 23    God:    Ashenzari [......]
Gold:   84         SH:  0    Dex: 13    Spells: 3/3 levels left

rFire   . . .      SeeInvis .   a - +1 hunting sling
rCold   . . .      Faith    .   (no shield)
rNeg    . . .      Spirit   .   b - +0 leather armour
rPois   .          Reflect  .   c - +0 hat
rElec   .          Harm     .   (no cloak)
rCorr   .          Rampage  .   (no gloves)
Will    .....                   e - +0 pair of boots
Stlth   +.........              (no amulet)
HPRegen 0.12/turn               d - ring of the Fated Disgust {Int+6, Cun, Evo} (curse)
MPRegen 0.09/turn               (no ring)

@: no status effects
A: big brain 1, weakness stinger 1
a: Renounce Religion, Shatter the Chains


You were on level 3 of the Dungeon.
You worshipped Ashenzari.
Ashenzari was noncommittal.
You visited 1 branch of the dungeon, and saw 3 of its levels.

You collected 84 gold pieces.

Inventory:

Hand Weapons
 a - a +1 hunting sling (weapon)
Armour
 b - a +0 leather armour (worn)
 c - a +0 hat (worn)
 e - a +0 pair of boots (worn)
 h - an orb of energy
Jewellery
 d - the cursed ring of the Fated Disgust (left hand) {Int+6, Cun, Evo}
   (You found it on level 2 of the Dungeon)

   [ring of intelligence]

   Int:       It affects your intelligence (+6).
   It has a curse which improves the following skills: Cunning: Dodging and
   Stealth.
   Evocations: Evocations.
Wands
 f - a wand of flame (9)
Scrolls
 g - a scroll of enchant armour
 i - a scroll of fog {unknown}
 k - a scroll of identify {@r1}
 l - a scroll of teleportation {unknown}
 m - a scroll of noise {unknown}
Potions
 j - a potion of heal wounds {unknown}


   Skills:
 + Level 3.7 Fighting
 + Level 4.6 Slings
 - Level 1.7(2.1) Dodging
 - Level 0.8(1.1) Stealth


You had 3 spell levels left.
You didn't know any spells.
Your spell library was empty.

Dungeon Overview and Level Annotations

Branches:
Dungeon (3/15)

Altars:
Ashenzari


Innate Abilities, Weirdness & Mutations

You have an unusually large brain. (Int +2)
You have a small tail.


Message History

No target in view!
No target in view!
No target in view!
No target in view!
No target in view!
No target in view!
No target in view!
No target in view!
No target in view!
No target in view!
No target in view!
No target in view!
No target in view!
No target in view!
No target in view!
No target in view!
No target in view!
You miss something. Something barely misses you.
You clumsily bash something but do no damage.
Your tail-slap misses something.
Something completely misses you.
Fire: a) +1 hunting sling
Press: ? - help, Shift-Dir - straight line You shoot a sling bullet.
Something hits you.
You are electrocuted!
Fire: a) +1 hunting sling
Press: ? - help, Shift-Dir - straight line You shoot a sling bullet.
Something hits you. Something hits you but does no damage.
You are electrocuted!
* * * LOW HITPOINT WARNING * * *
Fire: a) +1 hunting sling
Press: ? - help, Shift-Dir - straight line You shoot a sling bullet.
Something hits you but does no damage.
Fire: a) +1 hunting sling
Press: ? - help, Shift-Dir - straight line You shoot a sling bullet.
Something hits you but does no damage.
Fire: a) +1 hunting sling
Press: ? - help, Shift-Dir - straight line You shoot a sling bullet.
Something hits you.
* * * LOW HITPOINT WARNING * * *
You are electrocuted!
You die...

# #.# h. ###..> #. #.. o
..... .##.#.# .... ...#.
... ... ## ..## #.# #. ..#
#.## #.###.# #..# #..#.@#
##.####.# #...##
######......# ##.##
#...).†.....## #.##
#..###......## ##
#..####..###......#
....###..........#......#
.........†.##....#.####...
.##.###...###)..#..# ###
##.## #..###.##


There were no monsters in sight!

Vanquished Creatures
  An orc wizard (D:3)
  An adder (D:2)
  A dart slug (D:2)
  4 orcs (D:3)
  4 ball pythons (D:1)
  6 endoplasms
  5 giant cockroaches
  10 goblins
  4 hobgoblins
  4 jackals (D:3)
  4 quokkas
  3 bats
  4 frilled lizards
  5 kobolds
  4 rats
60 creatures vanquished.

Notes
Turn   | Place    | Note
-------+----------+-------------------------------------------
     0 | D:1      | freelancePsychic the Demonspawn Hunter began the quest for
                  | the Orb.
     0 | D:1      | Reached XP level 1. HP: 16/16 MP: 1/1
   136 | D:1      | Gained mutation: You have an unusually large brain. (Int
                  | +2) [demonic ancestry]
   136 | D:1      | Reached XP level 2. HP: 23/23 MP: 2/2
   275 | D:1      | Reached skill level 4 in Slings
   519 | D:2      | Gained mutation: You have a small tail. [demonic ancestry]
   519 | D:2      | Reached XP level 3. HP: 28/28 MP: 3/3
  1448 | D:2      | Found a faded altar of an unknown god.
  1471 | D:2      | Prayed at the altar of an unknown god.
  1471 | D:2      | Became a worshipper of Ashenzari the Shackled
  1693 | D:3      | Reached XP level 4. HP: 35/35 MP: 4/4
  1892 | D:3      | Mangled by an orc wizard

Illustrated notes

Levels and vault maps discovered:
D:1:      minmay_arrival_jagged, layout_rooms, minmay_misc_feat_plants
D:2:      layout_rooms, hellmonk_ecumenical_altar_zigzags, dk_noncrumbling_2,
          minmay_goblin_outpost
D:3:      layout_loops_cross, mainiacjoe_overflow_alcove_1, lemuel_doored_altar,
          mainiacjoe_overflow_alcove_2

Skill      XL: |  1  2  3 |
---------------+----------+-----
Slings         | 4 |  4.6
Fighting       | 3 |  3.7
Dodging        | |  1.7
Stealth        | |  0.8

Action                   |  1- 3 |  4- 6 || total
-------------------------+-------+-------++-------
Melee: Hunting sling     |       |     2 ||     2
 Fire: Hunting sling     |   157 |    45 ||   202
Invok: Curse Item        |     1 |       ||     1
  Use: Scroll            |     1 |       ||     1
       Potion            |     1 |       ||     1
Armor: Leather armour    |    25 |     9 ||    34
Dodge: Dodged            |    55 |    20 ||    75

Table legend: (Time is in decaauts)
 A = Elapsed time spent in this place.
 B = Non-inter-level travel time spent in this place.
 C = Inter-level travel time spent in this place.
 D = Time resting spent in this place.
 E = Time spent auto-exploring this place.
 F = Levels seen in this place.
 G = Mean time per level.
                   A        B        C        D        E       F      G
               +--------+--------+--------+--------+--------+-----+--------+
         Total |   1937 |   1870 |     67 |     10 |   1487 |   3 |  645.7 |
       Dungeon |   1937 |   1870 |     67 |     10 |   1487 |   3 |  645.7 |
               +--------+--------+--------+--------+--------+-----+--------+

Top non-repeatable levels by time:
     D:2: 1157 daAuts
     D:1: 532 daAuts
     D:3: 248 daAuts
